AoeStats
← Rackeymen

Arena

505995555Analyzed
2v2 RM · 22d ago on Sep 12, 2026· 47m 4s· 4 players
Game mode
Random Map
Map size
Medium (4 player)
Population
200
Speed
Normal
Resources
Standard
Victory
Conquest
Starting age
Dark Age
Ending age
Imperial Age
RankedLock teamsTeams togetherTeam positionsShared explorationLock speedFull tech treeHidden civsTurbo modeCheats
Victory
Defeat
🇫🇷 Khmer · France
924
+17
🇧🇬 Franks · Bulgaria
880
+18
🇵🇱 Spanish · Poland
978
-55
🇨🇴 Magyars · Colombia
895
-16
QUIMEURTPERD
0:42 Loom
3:14 Loom
11:34 Feudal Age
10:13 Loom
11:56 Horse Collar
12:41 Double-Bit Axe
16:28 Castle Age
17:59 Heavy Plow
19:11 Bow Saw
20:40 Town Watch
23:08 Gold Mining
23:09 Stone Mining
24:59 Scale Barding Armor
25:09 Forging
28:09 Wheelbarrow
27:48 Bloodlines
27:39 Husbandry
27:21 Light Cavalry
31:24 Imperial Age
30:45 Ballistics
31:02 Chain Barding Armor
31:18 Iron Casting
31:30 Gold Shaft Mining
31:30 Stone Shaft Mining
33:13 Hand Cart
32:59 Town Patrol
34:06 Plate Barding Armor
34:33 Blast Furnace
33:16 Heavy Scorpion
34:25 Capped Ram
34:41 Elite Battle Elephant
36:15 Hussar
37:26 Conscription
37:42 Tusk Swords
38:11 Double Crossbow
47:33 Siege Engineers
48:29 Chemistry
47:26 Murder Holes
nordland11
0:29 Loom
12:09 Feudal Age
13:43 Double-Bit Axe
19:05 Castle Age
17:34 Gold Mining
18:25 Scale Mail Armor
18:37 Forging
20:34 Wheelbarrow
21:14 Bow Saw
21:46 Gold Shaft Mining
26:57 Imperial Age
25:46 Padded Archer Armor
27:27 Leather Archer Armor
27:03 Fletching
29:07 #83
30:52 Conscription
30:30 Cavalier
31:43 Scale Barding Armor
34:20 Squires
35:22 Chain Barding Armor
35:39 Iron Casting
35:39 Husbandry
37:00 Hoardings
36:26 Bodkin Arrow
39:29 Blast Furnace
40:01 Plate Barding Armor
41:31 Hand Cart
41:50 Paladin
42:28 Town Watch
43:06 Elite Throwing Axeman
45:06 Chivalry
raymod
8:55 Loom
11:22 Feudal Age
11:48 Double-Bit Axe
11:47 Horse Collar
16:20 Wheelbarrow
21:21 Castle Age
22:05 Heavy Plow
22:20 Bow Saw
22:04 Gold Mining
24:50 Hand Cart
27:18 Man-at-Arms
35:02 Husbandry
Rackeymen
13:04 Feudal Age
14:26 Wheelbarrow
13:40 Double-Bit Axe
13:37 Horse Collar
19:08 Castle Age
20:12 Hand Cart
20:45 Scale Mail Armor
21:48 Heavy Plow
21:27 Pikeman
27:00 Loom
27:10 Gold Mining
28:11 Scale Barding Armor
27:52 Light Cavalry
28:45 Bloodlines
29:17 Gold Shaft Mining
29:29 Chain Barding Armor
34:21 Imperial Age
31:39 Town Watch
31:56 Treadmill Crane
33:41 Ballistics
33:34 Town Patrol
34:56 Corvinian Army
36:21 Plate Barding Armor
36:10 Conscription
36:07 Masonry
35:52 Elite Magyar Huszar
42:02 Crop Rotation
41:45 Bow Saw
41:20 Crossbowman
42:14 Thumb Ring
42:35 Fletching
42:20 Arbalester
44:37 Chemistry
43:38 Bodkin Arrow
43:45 Padded Archer Armor
44:57 Leather Archer Armor
44:43 Bracer
47:34 Ring Archer Armor
Connection lost

Rejoining the realm…

Still unreachable

The connection could not be restored.

Session expired

The server has moved on; the page needs a fresh start.